 Dungeon Crawl Stone Soup version 0.30-a0-174-gbc10bd73c2 (webtiles) character file.

Game seed: 4690624230946716861

2381 qw the Cleaver (level 9, -2/56 HPs)
             Began as a Gargoyle Fighter on Oct 1, 2022.
             Slain by a yak (12 damage)
             ... on level 7 of the Dungeon.
             The game lasted 00:02:27 (5938 turns).

qw the Cleaver (Gargoyle Fighter)                   Turns: 5938, Time: 00:02:28

Health: -2/56      AC: 21    Str: 28    XL:     9   Next: 45%
Magic:  9/9        EV:  9    Int:  9    God:
Gold:   582        SH:  6    Dex: 20    Spells: 8/8 levels left

rFire   . . .      SeeInvis .    j - +9 war axe "Ganofir" {freeze, Dex+5}
rCold   . . .      Faith    .    c - +0 buckler
rNeg    + . .      Spirit   .    p - +0 chain mail
rPois   inf        Reflect  .    n - +2 helmet of Untruth {Rampage Str+4}
rElec   +          Harm     .    a - +0 cloak
rCorr   .          Rampage  +    s - +0 pair of gloves
Will    .....                    (no boots)
Stlth   ..........               i - amulet of regeneration
HPRegen 1.09/turn                b - +6 ring of dexterity
MPRegen 0.11/turn                (no ring)

@: no status effects
A: sickness immunity, AC +6, negative energy resistance 1, electricity
resistance, torment resistance 1, petrification resistance
a: no special abilities


You were on level 7 of the Dungeon.
You visited 2 branches of the dungeon, and saw 9 of its levels.

You collected 582 gold pieces.


Innate Abilities, Weirdness & Mutations

You are immune to sickness and miasma.
Your stone body is resilient. (AC +6)
You are immune to poison.
You resist negative energy. (rN+)
You are resistant to electric shocks. (rElec)
You are resistant to unholy torment.
You are immune to petrification.


   Skills:
 + Level 6.6 Fighting
 - Level 9.0 Axes
 - Level 1.4 Throwing
 - Level 5.1 Armour
 - Level 2.4 Dodging
 - Level 4.2 Shields


You had 8 spell levels left.
You didn't know any spells.
Your spell library was empty.

Inventory:

Hand Weapons
 j - the +9 war axe "Ganofir" (weapon) {freeze, Dex+5}
   (You found it on level 5 of the Dungeon)

   It freezes those it strikes, dealing additional cold damage.
   It can also slow down cold-blooded creatures.
   Dex:       It affects your dexterity (+5).
 q - a +0 flail
Missiles
 g - 2 boomerangs (quivered)
Armour
 a - a +0 cloak (worn)
 c - a +0 buckler (worn)
 n - the +2 helmet of Untruth (worn) {Rampage Str+4}
   (You took it off Robin on level 3 of the Dungeon)

   Str:       It affects your strength (+4).
   Rampage:   It bestows one free step when moving towards enemies.
 p - a +0 chain mail (worn)
 s - a +0 pair of gloves (worn)
Jewellery
 b - a +6 ring of dexterity (left hand)
 e - a ring of ice
 i - an amulet of regeneration (around neck)
 w - a ring of ice
Scrolls
 k - a scroll of identify
 l - a scroll of teleportation
Potions
 d - a potion of might
 f - a potion of attraction
 h - a potion of mutation
 o - 2 potions of curing
 u - a potion of magic {unknown}

Dungeon Overview and Level Annotations

Branches:
Dungeon (8/15)             Temple (1/1) D:5
   Lair: D:8-11

Altars:
Ashenzari
Cheibriados
Dithmenos
Elyvilon
Fedhas
Gozag
Kikubaaqudgha
Makhleb
Nemelex Xobeh
Qazlal
Sif Muna
Trog
Vehumet
Wu Jian
Yredelemnul
The Shining One

Shops:
D:1 =

Annotations:
D:6 7 runed translucent doors


Message History

The killer bee misses you.
You climb upwards.
There is a stone staircase leading down here.
Enter note: Done exploring.
(D) Dungeon (T) Temple
Where to? (* - list waypoints, Enter - D:8, ? - help)
What level of the Dungeon? (default 1, ? - help)
You climb downwards.
The orc wizard shouts!
The killer bee barely misses you. The killer bee stings you.
The killer bee closely misses you. You block the yak's attack.
The yak gores you but does no damage. The yak gores you! x2
The killer bee stings you but does no damage. x2
The orc wizard gestures wildly while chanting.
The orc wizard flickers and vanishes!
Deactivating autopickup; reactivate with Ctrl-A.
There is a stone staircase leading up here.
5936 ||| STAIRDANCE The killer bee stings you but does no damage.
The killer bee stings you. The yak gores you but does no damage.
The yak closely misses you. The yak barely misses you.
You block the yak's attack.
The killer bee stings you but does no damage. x2
You climb upwards.
Reactivating autopickup.
There is a stone staircase leading down here.
You hit the yak. You freeze the yak.
The yak is heavily wounded.
You barely miss the yak. You barely miss the killer bee. You slash the yak!
You freeze the yak. You miss the killer bee. The killer bee stings you.
The killer bee stings you but does no damage.
The killer bee closely misses you.
The killer bee stings you but does no damage.
The yak closely misses you. The yak gores you! The yak barely misses you.
The killer bee stings you but does no damage.
You block the killer bee's attack. The yak gores you!
The yak gores you but does no damage. The yak gores you!
You die...

..)..#.#...#.#
#.#######..####.#
.....#.#.#.#.##
#.............#..
.....#.#......#
#.............###
######.#.#.#..###.............#
#........................#
#.#.#.###.##########..#### ####
#...#.#....#Y.........# ...#
#.###.#.#.YYY........## ##.#
#.# #.#.##y@########## .#.# #.#
#.#.###y# .#.# #.# #.#.# #.#
.#.# #.# #.#.# #.#
##.###.###.#.# #.#
.).........#.# #.# #####
##.#.<.......# #.# #.?..
...)...#########.# #.###
##.##..#.........# #.#


You could see 4 yaks and 2 killer bees.

Vanquished Creatures
  Grinder (D:3)
  Duvessa (D:4)
  A sky beast (D:7)
  A black bear (D:7)
  An ice beast (D:5)
  3 ogres
  2 centaurs
  A kobold brigand (D:7)
  2 bullfrogs (D:7)
  2 scorpions (D:5)
  2 necrophages (D:6)
  Dowan (D:4)
  3 wights (D:7)
  3 orc priests
  3 hounds
  Ijyb (D:4)
  Jessica (D:3)
  Terence (D:3)
  3 iguanas
  4 orc wizards
  Robin (D:3)
  10 adders
  7 gnolls (D:5)
  A white imp (D:7)
  3 worms
  A dart slug (D:3)
  15 orcs
  7 ball pythons
  8 endoplasms
  7 giant cockroaches
  16 goblins
  12 hobgoblins
  5 jackals
  11 kobolds
  2 quokkas
  8 bats
  2 frilled lizards (D:2)
  5 rats
158 creatures vanquished.

Vanquished Creatures (others)
  A jackal (D:4)
1 creature vanquished.

Grand Total: 159 creatures vanquished

Notes
Turn   | Place    | Note
-------+----------+-------------------------------------------
     0 | D:1      | qw the Gargoyle Fighter began the quest for the Orb.
     0 | D:1      | Reached XP level 1. HP: 14/14 MP: 1/1
     0 | D:1      | 0 ||| qw: Version: 0.2-a-13-gfc7b4b4
     0 | D:1      | 0 ||| qw: Game counter: 1960
     0 | D:1      | 0 ||| qw: Always use a shield: true
     0 | D:1      | 0 ||| qw: God list: Okawaru
     0 | D:1      | 0 ||| qw: Allow faded altars: false
     0 | D:1      | 0 ||| qw: Do Orc after D:15 true
     0 | D:1      | 0 ||| qw: Do second Lair branch before Depths: true
     0 | D:1      | 0 ||| qw: Lair rune preference: random
     0 | D:1      | 0 ||| qw: Plans: Normal, Zot:1-4, God:TSO, Crypt, Tomb,
                  | Pan, Slime:5, Hells, Abyss, Orb
     0 | D:1      | 0 ||| PLANNING D:1-11
    46 | D:1      | Reached skill level 2 in Axes
    51 | D:1      | 51 ||| Stepping ~*~*~tactically~*~*~ (stealth).
    73 | D:1      | Reached XP level 2. HP: 18/19 MP: 2/2
   204 | D:1      | 204 ||| Stepping ~*~*~tactically~*~*~ (stealth).
   306 | D:1      | Reached skill level 3 in Axes
   348 | D:1      | Reached XP level 3. HP: 23/23 MP: 3/3
   550 | D:1      | Found Woluj's Jewellery Shop.
   583 | D:1      | 583 ||| SHOPLISTING +4 ring of slaying (1092 gold, have
                  | 55).
   583 | D:1      | 583 ||| SHOPLISTING +6 ring of dexterity (504 gold, have
                  | 55).
   583 | D:1      | 583 ||| SHOPLISTING ring of ice (350 gold, have 55).
   583 | D:1      | 583 ||| SHOPLISTING ring of resist corrosion (280 gold,
                  | have 55).
   793 | D:1      | 793 ||| UPGRADING to amulet of regeneration.
   798 | D:1      | 798 ||| READING 2 scrolls labelled OPOULA SOLYA.
   799 | D:1      | 799 ||| READING scroll labelled ARAAWE GOOTZO.
   800 | D:1      | 800 ||| READING scroll labelled HAGEHE OXEWK.
   801 | D:1      | 801 ||| READING scroll labelled WUUCAU ICLARIE.
   802 | D:1      | 802 ||| READING scroll labelled FISTRO CYAPLO.
   806 | D:1      | 806 ||| DRINKING 2 fizzy black potions.
   807 | D:1      | 807 ||| DROPPING scroll of fear.
   862 | D:2      | Found an ornate altar of the Wu Jian Council.
   866 | D:2      | 866 ||| Stepping ~*~*~tactically~*~*~ (stealth).
   898 | D:2      | 898 ||| Stepping ~*~*~tactically~*~*~ (stealth).
   899 | D:2      | 899 ||| Stepping ~*~*~tactically~*~*~ (stealth).
   919 | D:2      | 919 ||| Stepping ~*~*~tactically~*~*~ (hiding).
   920 | D:2      | 920 ||| Stepping ~*~*~tactically~*~*~ (hiding).
  1050 | D:2      | 1050 ||| Stepping ~*~*~tactically~*~*~ (stealth).
  1080 | D:2      | 1080 ||| Stepping ~*~*~tactically~*~*~ (stealth).
  1115 | D:2      | Reached XP level 4. HP: 21/28 MP: 4/4
  1215 | D:2      | 1215 ||| Stepping ~*~*~tactically~*~*~ (stealth).
  1321 | D:2      | Reached skill level 4 in Axes
  1478 | D:2      | Found a faded altar of an unknown god.
  1541 | D:2      | 1541 ||| UPGRADING to +0 cloak.
  1546 | D:2      | 1546 ||| READING scroll labelled FICHEI DOSOIVVAD.
  1585 | D:3      | Found a stormy altar of Qazlal.
  1599 | D:3      | 1599 ||| Stepping ~*~*~tactically~*~*~ (stealth).
  1602 | D:3      | 1602 ||| Stepping ~*~*~tactically~*~*~ (hiding).
  1690 | D:3      | Noticed Grinder
  1692 | D:3      | Paralysed by Grinder for 4 turns
  1704 | D:3      | Paralysed by Grinder for 4 turns
  1707 | D:3      | HP: 7/28 [Grinder (8)]
  1708 | D:3      | Killed Grinder
  1709 | D:3      | Reached skill level 5 in Axes
  1709 | D:3      | Reached XP level 5. HP: 8/32 MP: 5/5
  1709 | D:3      | Reached XP level 6. HP: 9/37 MP: 6/6
  1776 | D:3      | Noticed Terence
  1785 | D:3      | Killed Terence
  1819 | D:3      | Identified the +2 helmet of Untruth {Rampage Str+4}
  1819 | D:3      | Noticed Robin
  1820 | D:3      | 1820 ||| Stepping ~*~*~tactically~*~*~ (hiding).
  1822 | D:3      | 1822 ||| Stepping ~*~*~tactically~*~*~ (hiding).
  1842 | D:3      | Killed Robin
  1906 | D:3      | 1906 ||| READING scroll of enchant weapon.
  1906 | D:3      | 1906 ||| ENCHANTING +1 war axe.
  2019 | D:3      | 2019 ||| Stepping ~*~*~tactically~*~*~ (stealth).
  2020 | D:3      | 2020 ||| Stepping ~*~*~tactically~*~*~ (stealth).
  2150 | D:3      | Noticed Jessica
  2151 | D:3      | 2151 ||| Stepping ~*~*~tactically~*~*~ (hiding).
  2164 | D:3      | Killed Jessica
  2165 | D:3      | Reached skill level 1 in Dodging
  2189 | D:3      | 2189 ||| DROPPING +0 leather armour of fire resistance.
  2190 | D:3      | 2190 ||| UPGRADING to +2 helmet of Untruth {Rampage Str+4}.
  2195 | D:3      | 2195 ||| UPGRADING to +0 chain mail.
  2205 | D:3      | 2205 ||| DROPPING +0 scale mail.
  2206 | D:3      | 2206 ||| READING scroll labelled ZUOCOSH XOKIK.
  2210 | D:3      | 2210 ||| DRINKING 2 blue potions.
  2315 | D:3      | 2315 ||| READING 2 scrolls of identify.
  2315 | D:3      | 2315 ||| IDENTIFYING fuming white potion
  2316 | D:3      | 2316 ||| DROPPING potion of invisibility.
  2317 | D:3      | 2317 ||| DROPPING potion of berserk rage.
  2429 | D:4      | Found a glowing golden altar of the Shining One.
  2531 | D:4      | Reached skill level 6 in Axes
  2628 | D:4      | Noticed Ijyb
  2658 | D:4      | Killed Ijyb
  2659 | D:4      | Reached XP level 7. HP: 15/43 MP: 7/7
  2761 | D:4      | Noticed Duvessa
  2779 | D:4      | Killed Duvessa
  2780 | D:4      | Noticed Dowan
  2781 | D:4      | 2781 ||| Stepping ~*~*~tactically~*~*~ (stealth).
  2810 | D:4      | Killed Dowan
  2857 | D:4      | Found a sparkling altar of Nemelex Xobeh.
  3048 | D:4      | 3048 ||| Stepping ~*~*~tactically~*~*~ (hiding).
  3263 | D:4      | 3263 ||| READING scroll labelled TUFOKH TECEE.
  3264 | D:4      | 3264 ||| READING scroll labelled MUBAMI CIMA.
  3265 | D:4      | 3265 ||| READING 3 scrolls of identify.
  3265 | D:4      | 3265 ||| IDENTIFYING amethyst potion
  3266 | D:4      | 3266 ||| READING 2 scrolls of identify.
  3266 | D:4      | 3266 ||| IDENTIFYING smoky clear potion
  3267 | D:4      | 3267 ||| DROPPING potion of brilliance.
  3314 | D:5      | Entered Level 5 of the Dungeon
  3322 | D:5      | 3322 ||| Stepping ~*~*~tactically~*~*~ (stealth).
  3334 | D:5      | Reached skill level 7 in Axes
  3358 | D:5      | 3358 ||| Stepping ~*~*~tactically~*~*~ (stealth).
  3361 | D:5      | 3361 ||| Stepping ~*~*~tactically~*~*~ (stealth).
  3365 | D:5      | 3365 ||| Stepping ~*~*~tactically~*~*~ (stealth).
  3378 | D:5      | 3378 ||| Stepping ~*~*~tactically~*~*~ (stealth).
  3381 | D:5      | 3381 ||| Stepping ~*~*~tactically~*~*~ (stealth).
  3388 | D:5      | Reached XP level 8. HP: 49/49 MP: 8/8
  3427 | D:5      | Found a staircase to the Ecumenical Temple.
  3428 | D:5      | 3428 ||| PLANNING TEMPLE
  3436 | Temple   | Entered the Ecumenical Temple
  3450 | Temple   | 3450 ||| PLANNING D:1-11
  3501 | D:5      | Found a broken altar of Ashenzari.
  3572 | D:5      | Identified the +9 war axe "Ganofir" {freeze, Dex+5}
  3574 | D:5      | 3574 ||| SWAPPING to +9 war axe "Ganofir" {freeze, Dex+5}.
  3575 | D:5      | 3575 ||| DROPPING +2 war axe.
  3578 | D:5      | Found a white marble altar of Elyvilon.
  3586 | D:5      | Reached skill level 1 in Throwing
  3606 | D:5      | 3606 ||| DROPPING +1 vorpal mace.
  3687 | D:5      | 3687 ||| DRINKING 3 potions of curing.
  3687 | D:5      | 3687 ||| (to cure confusion)
  3689 | D:5      | Reached skill level 8 in Axes
  4032 | D:5      | 4032 ||| DROPPING +2 ring mail of positive energy.
  4033 | D:5      | 4033 ||| UPGRADING to +0 pair of gloves.
  4038 | D:5      | 4038 ||| UPGRADING to +6 ring of dexterity.
  4163 | D:6      | Found the +9 staff of Olgreb {rPois∞}
  4167 | D:6      | Found a runed translucent door.
  4177 | D:6      | Found a runed translucent gate.
  4177 | D:6      | Found a runed translucent gate.
  4179 | D:6      | Found a runed translucent door.
  4195 | D:6      | Found a runed translucent gate.
  4362 | D:6      | Found a basalt altar of Yredelemnul.
  4503 | D:6      | Found a runed translucent door.
  4505 | D:6      | Found a runed translucent door.
  4534 | D:6      | 4534 ||| Stepping ~*~*~tactically~*~*~ (hiding).
  4543 | D:6      | Reached skill level 6 in Fighting
  4543 | D:6      | 4543 ||| Stepping ~*~*~tactically~*~*~ (hiding).
  4958 | D:6      | 4958 ||| DROPPING ring of flight.
  4959 | D:6      | 4959 ||| READING scroll labelled POVVEE CUNAUSS.
  4960 | D:6      | 4960 ||| READING 3 scrolls of identify.
  4960 | D:6      | 4960 ||| IDENTIFYING metallic coppery potion
  4961 | D:6      | 4961 ||| READING 2 scrolls of identify.
  4961 | D:6      | 4961 ||| IDENTIFYING fizzy cyan potion
  4962 | D:6      | 4962 ||| DROPPING potion of degeneration.
  4963 | D:6      | 4963 ||| DROPPING potion of flight.
  5030 | D:7      | 5030 ||| Stepping ~*~*~tactically~*~*~ (stealth).
  5032 | D:7      | 5032 ||| Stepping ~*~*~tactically~*~*~ (hiding).
  5034 | D:7      | 5034 ||| Stepping ~*~*~tactically~*~*~ (hiding).
  5039 | D:7      | Reached XP level 9. HP: 55/55 MP: 9/9
  5040 | D:7      | 5040 ||| Stepping ~*~*~tactically~*~*~ (hiding).
  5109 | D:7      | 5109 ||| Stepping ~*~*~tactically~*~*~ (stealth).
  5115 | D:7      | 5115 ||| DRINKING 2 potions of curing.
  5115 | D:7      | 5115 ||| (to cure confusion)
  5123 | D:7      | 5123 ||| Stepping ~*~*~tactically~*~*~ (stealth).
  5125 | D:7      | 5125 ||| Stepping ~*~*~tactically~*~*~ (stealth).
  5128 | D:7      | 5128 ||| Stepping ~*~*~tactically~*~*~ (hiding).
  5134 | D:7      | Reached skill level 9 in Axes
  5134 | D:7      | 5134 ||| Stepping ~*~*~tactically~*~*~ (stealth).
  5140 | D:7      | 5140 ||| Stepping ~*~*~tactically~*~*~ (stealth).
  5141 | D:7      | 5141 ||| Stepping ~*~*~tactically~*~*~ (stealth).
  5142 | D:7      | 5142 ||| Stepping ~*~*~tactically~*~*~ (stealth).
  5143 | D:7      | 5143 ||| Stepping ~*~*~tactically~*~*~ (stealth).
  5144 | D:7      | 5144 ||| Stepping ~*~*~tactically~*~*~ (stealth).
  5873 | D:7      | 5873 ||| READING 3 scrolls labelled ITIQIVVAUR.
  5874 | D:7      | 5874 ||| DROPPING 2 scrolls of immolation.
  5932 | D:8      | 5932 ||| STAIRDANCE
  5936 | D:8      | 5936 ||| STAIRDANCE
  5938 | D:7      | HP: 10/56 [yak (12)]
  5938 | D:7      | Slain by a yak

Levels and vault maps discovered:
D:1:      saegor_arrival_simple_c, layout_loops_ring, serial_shops,
          nicolae_diamond_shop
D:2:      layout_rooms, chequers_ecumenical_altar_grove, basic_altar,
          minmay_misc_feat_diagonals, kennysheep_generic_room_5
D:3:      layout_rooms, mainiacjoe_overflow_alcove_1, minivault_26, st_stairs_4,
          uniq_robin, uniq_jessica, uniq_grinder, uniq_terence
D:4:      layout_basic, nemelex_xobeh_ov_fountains_minmay, lemuel_round_altar,
          uniq_ijyb, uniq_duvessa
D:5:      layout_loops_cross, lemuel_round_altar, elyvilon_altar_5,
          minmay_temple_entry_ruins
D:6:      lemuel_insect_pit, layout_basic, mainiacjoe_overflow_alcove_4,
          minmay_guarded_unrand_staff_of_olgreb
D:7:      black_bear_nest_1, layout_basic
D:8:      layout_basic, mainiacjoe_overflow_catch_the_wave, uniq_maggie
Temple:   hellmonk_temple_rainy

Skill      XL: |  1  2  3  4  5  6  7  8  9 |
---------------+----------------------------+-----
Axes           | 2 3 5 6 7 8 9 |  9.0
Fighting       | 4 5 6 |  6.6
Dodging        | 1 2 |  2.4
Throwing       | 1 |  1.4
Armour         | 4 5 |  5.1
Shields        | 4 |  4.2

Action                   |  1- 3 |  4- 6 |  7- 9 || total
-------------------------+-------+-------+-------++-------
Melee: War axe           |   102 |   161 |   160 ||   423
Throw: Boomerang         |       |       |    40 ||    40
  Use: Scroll            |     5 |     4 |     8 ||    17
       Potion            |     1 |     1 |     2 ||     4
Armor: Scale mail        |    50 |    58 |       ||   108
       Chain mail        |       |    34 |    85 ||   119
Dodge: Dodged            |    42 |    86 |    47 ||   175
Block: Buckler           |    15 |    28 |    32 ||    75

Table legend:
 A = Non-vault XP
 B = Vault XP
 C = Vault XP percentage of total XP
 D = Non-vault monster count
 E = Vault monster count
 F = Vault count percentage of total count
                 A         B        C        D         E       F
            +---------+---------+-------+---------+---------+-------
      Total |    2606 |     796 |  23.4 |     136 |      23 |  14.5
            +---------+---------+-------+---------+---------+-------
        D:1 |      43 |       0 |   0.0 |      25 |       0 |   0.0
        D:2 |      67 |       4 |   5.6 |      22 |       2 |   8.3
        D:3 |      43 |     403 |  90.4 |      17 |      17 |  50.0
        D:4 |      70 |     256 |  78.5 |      13 |       3 |  18.8
        D:5 |     823 |       0 |   0.0 |      25 |       0 |   0.0
        D:6 |     640 |       0 |   0.0 |      14 |       0 |   0.0
        D:7 |     920 |     133 |  12.6 |      20 |       1 |   4.8
            +---------+---------+-------+---------+---------+-------
